 Dungeon Crawl Stone Soup version 0.19.1-1-g22dce08 (webtiles) character file.

261 McKennaii the Gusty (level 5, -2/32 HPs)
             Began as a High Elf Air Elementalist on Jan 10, 2017.
             Was an Initiate of Sif Muna.
             Slain by Edmund
             ... wielding a +0 dire flail of protection
              (9 damage)
             ... on level 4 of the Dungeon.
             The game lasted 00:06:22 (2770 turns).

McKennaii the Gusty (High Elf Air Elementalist)     Turns: 2770, Time: 00:06:23

Health: -2/32      AC:  2    Str:  7    XL:     5   Next: 96%
Magic:  1/12       EV: 13    Int: 20    God:    Sif Muna [......]
Gold:   200        SH:  0    Dex: 15    Spells: 4 memorised, 4 levels left

rFire  . . .     SeeInvis .     (no weapon)
rCold  . . .     Gourm    .     a - +0 robe
rNeg   . . .     Faith    .     (no shield)
rPois  .         Spirit   .     (no helmet)
rElec  .         Reflect  .     (no cloak)
rCorr  .         Harm     .     (no gloves)
MR     .....                    (no boots)
Stlth  ++........               (no amulet)
                                (no ring)
                                (no ring)

@: no status effects
A: no striking features
a: Renounce Religion


You were on level 4 of the Dungeon.
You worshipped Sif Muna.
Sif Muna was noncommittal.
You were not hungry.

You visited 2 branches of the dungeon, and saw 5 of its levels.

You collected 200 gold pieces.

Inventory:

Armour
 a - a +0 robe (worn)
Scrolls
 d - 2 scrolls of amnesia {unknown}
 e - 4 scrolls of identify {unknown}
 h - a scroll of magic mapping {unknown}
 j - 2 scrolls of immolation {unknown}
 k - a scroll of enchant armour {unknown}
 m - a scroll of recharging {unknown}
 n - a scroll of random uselessness {unknown}
 p - a scroll of enchant weapon {unknown}
Potions
 f - a potion of resistance {unknown}
 g - a potion of mutation {unknown}
 l - a potion of agility {unknown}
 o - a potion of invisibility {unknown}
 q - a potion of curing {unknown}
Books
 b - a book of Air

   Spells                             Type                      Level
   a - Shock                          Conjuration/Air              1
   b - Swiftness                      Charms/Air                   2
   c - Repel Missiles                 Charms/Air                   2
   d - Static Discharge               Conjuration/Air              3
   e - Lightning Bolt                 Conjuration/Air              5
Comestibles
 c - 3 bread rations
 i - a meat ration


   Skills:
 + Level 0.4 Fighting
 + Level 2.7 Dodging
 + Level 2.8 Stealth
 + Level 0.5 Unarmed Combat
 + Level 4.1 Spellcasting
 + Level 3.1 Conjurations
 + Level 5.3 Air Magic


You had 4 spell levels left.
You knew the following spells:

 Your Spells              Type           Power        Failure   Level  Hunger
a - Shock                 Conj/Air       ###.         2%          1    None
b - Swiftness             Chrm/Air       ##......     10%         2    #......
c - Repel Missiles        Chrm/Air       ##....       10%         2    #......
d - Static Discharge      Conj/Air       ###.....     10%         3    ###....


Dungeon Overview and Level Annotations

Branches:
Dungeon (4/15)             Temple (1/1) D:4

Altars:
Ashenzari
Cheibriados
Dithmenos
Elyvilon
Fedhas
Hepliaklqana
Kikubaaqudgha
Makhleb
Nemelex Xobeh
Okawaru
Sif Muna
Trog
Vehumet
Xom
Yredelemnul
Zin

Shops:
D:4 :}

Annotations:
D:4 Edmund


Message History

Press: ? - help, Shift-Dir - straight line The zap hits Edmund.
Edmund appears unharmed.
Edmund is severely wounded.
The zap hits Edmund.
Edmund is almost dead.
Edmund mutters, "Who needs spells, anyway?"
Edmund hits you with a dire flail of protection.
Edmund hits you with a dire flail of protection!
* * * LOW HITPOINT WARNING * * *
Casting: Shock
Confirm with . or Enter, or press ? or * to list all spells.
Aiming: Shock
Press: ? - help, Shift-Dir - straight line, f - Edmund
Aim: Edmund, wielding a dire flail of protection and wearing a chain mail (almost dead)
The zap hits Edmund.
Edmund is almost dead.
Edmund barely misses you.
Edmund says, "People think my brother is the best.
I think he's crazy."
Edmund hits you with a dire flail of protection!
You die...

#.⌠.⌠.# +..∩..' #.⌠.⌠.#
###+#####+##.....#
#..........###+###
#.......[.........
#.................
#.@...............
########@................
.............###'#######@
.............#.........#.
.......<.....#.....(....∩
.............#.........#.
.............#.........#.
.............###'#######.
..#########+####[###.....
. #......(..#..>..


You could see Edmund.

Vanquished Creatures
  An orc priest (D:4)
  Jessica (D:3)
  Natasha (D:4)
  An orc wizard (D:4)
  A worker ant (D:4)
  4 adders
  An ooze (D:2)
  A worm (D:3)
  A dart slug (D:3)
  5 leopard geckos
  3 orcs
  11 bats
  4 giant cockroaches
  7 goblins
  9 hobgoblins
  6 jackals
  8 kobolds
  2 quokkas (D:3)
  3 frilled lizards
  4 rats
74 creatures vanquished.

Notes
Turn   | Place    | Note
-------+----------+-------------------------------------------
     0 | D:1      | McKennaii the High Elf Air Elementalist began the quest for the Orb.
     0 | D:1      | Reached XP level 1. HP: 11/11 MP: 4/4
   126 | D:1      | Reached skill level 4 in Air Magic
   175 | D:1      | Reached XP level 2. HP: 9/17 MP: 1/6
   221 | D:1      | Learned a level 2 spell: Swiftness
   224 | D:1      | Learned a level 2 spell: Repel Missiles
   726 | D:1      | Reached XP level 3. HP: 21/21 MP: 5/8
   835 | D:2      | Found an iron altar of Okawaru.
  1411 | D:2      | Reached XP level 4. HP: 27/27 MP: 7/9
  1496 | D:2      | Found an ancient bone altar of Kikubaaqudgha.
  1496 | D:2      | Noticed a human
  1949 | D:3      | Noticed Jessica
  1953 | D:3      | Killed Jessica
  2252 | D:3      | Reached XP level 5. HP: 29/32 MP: 2/11
  2375 | D:3      | Reached skill level 5 in Air Magic
  2592 | D:4      | Learned a level 3 spell: Static Discharge
  2610 | D:4      | Found a staircase to the Ecumenical Temple.
  2635 | Temple   | Entered the Ecumenical Temple
  2670 | Temple   | Became a worshipper of Sif Muna the Loreminder
  2689 | D:4      | Found Lusotz's Gadget Shoppe.
  2692 | D:4      | Noticed Natasha
  2697 | D:4      | Killed Natasha
  2715 | D:4      | Found Tieguadupt's Book Shop.
  2723 | D:4      | Noticed Edmund
  2770 | D:4      | Slain by Edmund

Skill      XL: |  1  2  3  4  5 |
---------------+----------------+-----
Air Magic      | 4 5 |  5.3
Spellcasting   | 3 4 |  4.1
Conjurations   | 2 3 |  3.1
Fighting       | |  0.4
Dodging        | |  2.7
Stealth        | |  2.8
Unarmed Combat | |  0.5

Action                   |  1- 3 |  4- 6 || total
-------------------------+-------+-------++-------
Melee: Unarmed           |    27 |       ||    27
 Cast: Shock             |    82 |    88 ||   170
  Eat: Bread ration      |       |     1 ||     1
       Pizza             |       |     1 ||     1
Armor: Robe              |     8 |     1 ||     9
Dodge: Dodged            |    24 |    14 ||    38
